AoeStats
← bassotto

Arena

509101772Analyzed
1v1 RM · 6d ago on Sep 25, 2026· 43m 44s· 2 players
Game mode
Random Map
Map size
Tiny (2 player)
Population
200
Speed
Normal
Resources
Standard
Victory
Conquest
Starting age
Dark Age
Ending age
Imperial Age
RankedLock teamsTeams togetherTeam positionsShared explorationLock speedFull tech treeHidden civsTurbo modeCheats
Victory
Defeat
🇧🇷 Ethiopians · Brazil
1168
+17
🇧🇷 Tatars · Brazil
1199
-17
eickhoff.luizfelipe
8:43 Loom
10:45 Feudal Age
14:55 Castle Age
13:22 Double-Bit Axe
14:07 Fletching
14:07 Horse Collar
25:41 Bow Saw
26:56 Gold Mining
26:57 Stone Mining
28:00 Wheelbarrow
31:19 Imperial Age
29:09 Squires
28:55 Arson
29:05 Town Watch
33:09 Chemistry
32:30 Ballistics
32:31 Siege Engineers
34:22 Thumb Ring
33:38 Crossbowman
37:54 Arbalester
39:51 Guard Tower
39:52 Heated Shot
40:29 Bodkin Arrow
40:34 Padded Archer Armor
41:36 Keep
bassotto
10:36 Feudal Age
14:40 Castle Age
12:31 Horse Collar
12:48 Double-Bit Axe
13:05 Horse Collar
23:42 Loom
24:33 Wheelbarrow
24:18 Bow Saw
25:54 Bloodlines
26:35 Hand Cart
29:33 Imperial Age
27:18 Town Watch
30:07 Scale Barding Armor
30:18 Bloodlines
33:12 Chemistry
34:18 Husbandry
34:40 Chain Barding Armor
35:29 Forging
36:07 Timurid Siegecraft
37:18 Plate Barding Armor
37:54 Fletching
38:42 Ballistics
38:13 Heavy Cavalry Archer
38:50 Bodkin Arrow
38:37 Light Cavalry
39:31 Bracer
40:09 Conscription
39:52 Silk Armor
40:51 Padded Archer Armor
42:02 Iron Casting
42:24 Hussar
Connection lost

Rejoining the realm…

Still unreachable

The connection could not be restored.

Session expired

The server has moved on; the page needs a fresh start.